Philadelphia Phantoms vs Peoria Rivermen

Created - Wednesday, December 3, 2025 at 09:10

Goals
1 2 3 T
Philadelphia Phantoms 2 3 0 5
Peoria Rivermen 0 0 2 2
Shots
1 2 3 T
Philadelphia Phantoms 16 13 6 35
Peoria Rivermen 13 17 10 40

1st period

1. Philadelphia Phantoms , Alex Steeves 4 (Adam Klapka 4, Nikolai Kovalenko 5) at 10:31 (PP)
2. Philadelphia Phantoms , Tye Kartye 1 (Louis Crevier 3, Zac Jones 3) at 12:47 (SH)

Penalties :
Gabriel Szturc (PRM) for Tripping (Minor) at 2:38, Sean Walker (PRM) for Elbowing (Minor) at 8:48, Juuso Parssinen (PHP) for Slashing (Minor) at 12:11

2nd period

3. Philadelphia Phantoms , Luca Del Bel Belluz 2 (Louis Crevier 4) at 1:00
4. Philadelphia Phantoms , Luca Del Bel Belluz 3 (Nikolai Kovalenko 6) at 8:26
5. Philadelphia Phantoms , Nikolai Kovalenko 3 (Tyler Kleven 6, Luca Del Bel Belluz 3) at 12:11

Penalties :
Alex Steeves (PHP) for Holding (Minor) at 9:19, Riley Duran (PRM) for Roughing (Minor) at 13:27

3rd period

6. Peoria Rivermen , Patrick Giles 5 (Oskar Sundqvist 12, Tyson Kozak 3) at 5:53
7. Peoria Rivermen , Nico Sturm 7 (Jonathan Gruden 2, Jalen Chatfield 6) at 9:00

Penalties :
Sean Walker (PRM) for Interference (Minor) at 2:10, Jack McBain (PHP) for Roughing (Minor) at 14:59

Goalie Stats

Cooper Black (PHP), 38 saves from 40 shots - (0.950), W, 5-2-1, 60:00 minutes
William Rousseau (PRM), 30 saves from 35 shots - (0.857), L, 5-2-2, 60:00 minutes

Players Stats for Philadelphia Phantoms

Player Name              G  A  P  +/- PIM S  H  SB GA TA FO     MP     PP MP  PK MP  
------------------------------------------------------------------------------------
Adam Klapka              0  1  1  -1  0   1  1  0  0  0  2/2    15:42   3:50   0:00 
Albert Johansson         0  0  0  -1  0   2  0  0  0  0  0/0    13:31   0:00   0:00 
Alex Steeves             1  0  1   0  2   3  2  2  0  1  7/14   16:32   3:50   1:37 
J.J. Moser               0  0  0   1  0   0  1  0  0  0  0/0    23:48   4:04   2:59 
Jack McBain              0  0  0   0  2   5  1  0  1  0  13/22  16:51   3:49   1:41 
Jacob Quillan            0  0  0  -1  0   0  1  0  0  0  5/11   15:40   0:01   2:17 
Juuso Parssinen          0  0  0  -1  2   4  1  0  0  0  0/0    14:08   0:01   1:49 
Louis Crevier            0  2  2   2  0   2  2  3  2  0  0/0    22:41   3:36   2:58 
Luca Del Bel Belluz      2  1  3   3  0   6  1  0  0  0  6/19   15:31   3:49   0:00 
Marc Gatcomb             0  0  0  -1  0   0  0  0  1  1  1/2    14:10   3:49   0:00 
Michael Callahan         0  0  0   0  0   0  0  0  0  0  0/0     0:00   0:00   0:00 
Michael Carcone          0  0  0   0  0   1  2  0  0  0  1/1    10:52   0:00   0:00 
Nikolai Kovalenko        1  2  3   3  0   4  0  2  1  1  0/0    15:40   3:50   0:00 
Nils Aman                0  0  0  -1  0   0  1  0  0  0  0/0    12:36   0:01   1:05 
Ryan Winterton           0  0  0   3  0   1  2  0  0  0  0/0    11:39   0:00   0:00 
Samuel Johannesson       0  0  0   1  0   0  2  1  0  2  0/0    23:48   4:04   2:59 
Tye Kartye               1  0  1   1  0   2  2  0  0  0  0/1    14:39   0:00   3:25 
Tyler Kleven             0  1  1  -1  0   2  1  0  0  0  0/0    13:31   0:00   0:00 
Zac Jones                0  1  1   2  0   2  1  3  0  2  0/0    22:41   3:36   2:58 

Players Stats for Peoria Rivermen

Player Name              G  A  P  +/- PIM S  H  SB GA TA FO     MP     PP MP  PK MP  
------------------------------------------------------------------------------------
                         0  0  0   0  0   0  0  0  0  0  0/0     0:00   0:00   0:00 
Colin Blackwell          0  0  0  -1  0   4  2  0  1  0  15/27  18:54   2:59   3:50 
Gabriel Szturc           0  0  0  -2  2   0  0  0  0  0  0/1     8:08   0:02   0:00 
Jalen Chatfield          0  1  1   1  0   3  2  2  0  1  0/0    20:18   3:02   3:57 
Jonas Rondbjerg          0  0  0  -1  0   3  2  2  0  0  1/3    15:00   2:55   0:00 
Jonathan Gruden          0  1  1   0  0   1  4  0  0  0  0/1    12:17   0:00   0:00 
Marc Del Gaizo           0  0  0   1  0   4  1  1  0  2  0/0    20:24   3:02   3:57 
Matthew Sop              0  0  0  -2  0   0  0  0  0  0  1/2    10:59   2:56   0:06 
Nick Leddy               0  0  0  -2  0   0  0  1  0  0  0/0    17:56   0:00   3:43 
Nico Sturm               1  0  1   0  0   5  1  0  0  1  6/10   12:17   0:00   0:00 
Oskar Sundqvist          0  1  1   1  0   7  1  3  2  0  7/18   20:38   2:58   3:44 
Patrick Giles            1  0  1   1  0   2  0  0  0  0  0/0    16:17   2:56   0:00 
Riley Duran              0  0  0  -2  2   0  0  1  1  1  2/3     8:59   0:06   0:06 
Sean Walker              0  0  0  -1  4   4  2  0  0  0  0/0    24:14   2:55   2:15 
Tanner Fritz             0  0  0   0  0   0  3  0  0  0  0/0    12:17   0:00   0:00 
Tyler Tucker             0  0  0  -2  0   1  1  0  0  0  0/0    15:32   0:00   1:28 
Tyson Kozak              0  1  1   1  0   3  4  0  1  0  5/7    17:38   0:00   3:44 
Yegor Zamula             0  0  0  -1  0   0  1  2  0  0  0/0    21:34   2:55   0:00 
Zachary Bolduc           0  0  0  -1  0   3  1  0  2  0  0/0    18:54   2:59   3:50 

3 Stars

1 - Luca Del Bel Belluz (PHP)
2 - Nikolai Kovalenko (PHP)
3 - Cooper Black (PHP)

Power Play

Philadelphia Phantoms - 1 on 4 Attempt(s) - 25.00%
Peoria Rivermen - 0 on 3 Attempt(s) - 0.00%

Penalty Kill

Philadelphia Phantoms - 3 on 3 Attempt(s) - 100.00% - Score 1 goal in Penalty Kill
Peoria Rivermen - 3 on 4 Attempt(s) - 75.00% - Score 0 goal in Penalty Kill

Team Stat

Philadelphia Phantoms - Hits : 21 - Faceoff Wins : 35 - Blocked Shots : 11 - Penalty Minutes : 6
Peoria Rivermen - Hits : 25 - Faceoff Wins : 37 - Blocked Shots : 12 - Penalty Minutes : 8

Official

Referees : Corey Syvret and Justin Kea
Linesman : Steve Barton and Trent Knorr

Game Notes

No Game Note

Philadelphia Phantoms

5 vs 5 Forward 
   Center                   Left Wing                Right Wing               Time % Phy DF OF 
 1 Luca Del Bel Belluz      Nikolai Kovalenko        Ryan Winterton           25     1   2  2  
 2 Alex Steeves             Marc Gatcomb             Nils Aman                25     1   2  2  
 3 Jack McBain              Michael Carcone          Tye Kartye               25     1   2  2  
 4 Jacob Quillan            Adam Klapka              Juuso Parssinen          25     1   2  2  

5 vs 5 Defense 
   Defense                  Defense                                           Time % Phy DF OF 
 1 Zac Jones                Louis Crevier                                     35     1   2  2  
 2 Samuel Johannesson       J.J. Moser                                        35     1   2  2  
 3 Albert Johansson         Tyler Kleven                                      30     1   2  2  
 4 Zac Jones                Louis Crevier                                     0      1   2  2  

PowerPlay Forward 
   Center                   Left Wing                Right Wing               Time % Phy DF OF 
 1 Luca Del Bel Belluz      Marc Gatcomb             Jack McBain              50     1   2  2  
 2 Alex Steeves             Adam Klapka              Nikolai Kovalenko        50     1   2  2  

PowerPlay Defense
   Defense                  Defense                                           Time % Phy DF OF 
 1 Zac Jones                Louis Crevier                                     50     1   2  2  
 2 Samuel Johannesson       J.J. Moser                                        50     1   2  2  

Penalty Kill 4 Players Forward 
   Center                   Wing                     Time % Phy DF OF 
 1 Jack McBain              Tye Kartye               50     1   2  2  
 2 Alex Steeves             Juuso Parssinen          50     1   2  2  

Penalty Kill 4 Players Defense
   Defense                  Defense                  Time % Phy DF OF 
 1 Zac Jones                Louis Crevier            50     1   2  2  
 2 Samuel Johannesson       J.J. Moser               50     1   2  2  

Penalty Kill - 3 Players Forward 
   Forward                                           Time % Phy DF OF 
 1 Jack McBain                                       50     1   2  2  
 2 Tye Kartye                                        50     1   2  2  

Penalty Kill - 3 Players Defense
   Defense                  Defense                  Time % Phy DF OF 
 1 Zac Jones                Louis Crevier            50     1   2  2  
 2 Samuel Johannesson       J.J. Moser               50     1   2  2  

4 vs 4 Forward 
   Center                   Wing                     Time % Phy DF OF 
 1 Luca Del Bel Belluz      Marc Gatcomb             50     1   2  2  
 2 Alex Steeves             Adam Klapka              50     1   2  2  

4 vs 4 Defense
   Defense                  Defense                  Time % Phy DF OF 
 1 Zac Jones                Louis Crevier            50     1   2  2  
 2 Samuel Johannesson       J.J. Moser               50     1   2  2  

Last Minutes Offensive
   Center                   Left Wing                Right Wing               Defense                  Defense                  
   Luca Del Bel Belluz      Marc Gatcomb             Adam Klapka              Zac Jones                Louis Crevier            

Last Minutes Defensive
   Center                   Left Wing                Right Wing               Defense                  Defense                  
   Jack McBain              Juuso Parssinen          Tye Kartye               Zac Jones                J.J. Moser               

Goaltenders
Starting : Cooper Black             
Backup : Colten Ellis             

Extra Forwards
Normal : Alex Steeves, Jacob Quillan, Tye Kartye - PP : Marc Gatcomb, Adam Klapka - PK : Tye Kartye
Extra Defensemen
Normal : Zac Jones, Louis Crevier, J.J. Moser - PP : Zac Jones - PK : Zac Jones, Louis Crevier
Penalty Shots
Alex Steeves, Jacob Quillan, Marc Gatcomb, Adam Klapka, Michael Carcone

Scratches
Chase Bradley (Healthy), James Malatesta (Healthy), Jaroslav Chmelar (Healthy), Kai Uchacz (Healthy), Noah Laba (Healthy)
Parker Bell (Healthy), Gavin Hayes (Healthy), Anton Johansson (Healthy), Braeden Kressler (Healthy), Noel Gunler (Healthy)
Isaac Poulter (Healthy), Dennis Hildeby (Healthy)

Peoria Rivermen

5 vs 5 Forward 
   Center                   Left Wing                Right Wing               Time % Phy DF OF 
 1 Colin Blackwell          Zachary Bolduc           Jonas Rondbjerg          30     1   2  2  
 2 Oskar Sundqvist          Tyson Kozak              Patrick Giles            30     1   2  2  
 3 Nico Sturm               Jonathan Gruden          Tanner Fritz             25     1   2  2  
 4 Riley Duran              Matthew Sop              Gabriel Szturc           15     1   2  2  

5 vs 5 Defense 
   Defense                  Defense                                           Time % Phy DF OF 
 1 Jalen Chatfield          Yegor Zamula                                      30     1   2  2  
 2 Sean Walker              Marc Del Gaizo                                    30     1   2  2  
 3 Nick Leddy               Tyler Tucker                                      25     1   2  2  
 4 Sean Walker              Yegor Zamula                                      15     1   2  2  

PowerPlay Forward 
   Center                   Left Wing                Right Wing               Time % Phy DF OF 
 1 Colin Blackwell          Zachary Bolduc           Jonas Rondbjerg          50     1   2  2  
 2 Oskar Sundqvist          Matthew Sop              Patrick Giles            50     1   2  2  

PowerPlay Defense
   Defense                  Defense                                           Time % Phy DF OF 
 1 Sean Walker              Yegor Zamula                                      50     1   2  2  
 2 Jalen Chatfield          Marc Del Gaizo                                    50     1   2  2  

Penalty Kill 4 Players Forward 
   Center                   Wing                     Time % Phy DF OF 
 1 Tyson Kozak              Oskar Sundqvist          50     1   2  2  
 2 Colin Blackwell          Zachary Bolduc           50     1   2  2  

Penalty Kill 4 Players Defense
   Defense                  Defense                  Time % Phy DF OF 
 1 Sean Walker              Nick Leddy               50     1   2  2  
 2 Jalen Chatfield          Marc Del Gaizo           50     1   2  2  

Penalty Kill - 3 Players Forward 
   Forward                                           Time % Phy DF OF 
 1 Zachary Bolduc                                    50     1   2  2  
 2 Colin Blackwell                                   50     1   2  2  

Penalty Kill - 3 Players Defense
   Defense                  Defense                  Time % Phy DF OF 
 1 Sean Walker              Nick Leddy               50     1   2  2  
 2 Jalen Chatfield          Marc Del Gaizo           50     1   2  2  

4 vs 4 Forward 
   Center                   Wing                     Time % Phy DF OF 
 1 Zachary Bolduc           Colin Blackwell          50     1   2  2  
 2 Oskar Sundqvist          Nico Sturm               50     1   2  2  

4 vs 4 Defense
   Defense                  Defense                  Time % Phy DF OF 
 1 Sean Walker              Yegor Zamula             50     1   2  2  
 2 Jalen Chatfield          Marc Del Gaizo           50     1   2  2  

Last Minutes Offensive
   Center                   Left Wing                Right Wing               Defense                  Defense                  
   Colin Blackwell          Zachary Bolduc           Jonas Rondbjerg          Sean Walker              Yegor Zamula             

Last Minutes Defensive
   Center                   Left Wing                Right Wing               Defense                  Defense                  
   Tyson Kozak              Matthew Sop              Tanner Fritz             Sean Walker              Yegor Zamula             

Goaltenders
Starting : William Rousseau         
Backup : Jaxson Stauber           

Extra Forwards
Normal : Riley Duran, Gabriel Szturc, Tyson Kozak - PP : Riley Duran, Gabriel Szturc - PK : Tyson Kozak
Extra Defensemen
Normal : Nick Leddy, Tyler Tucker, Jalen Chatfield - PP : Nick Leddy - PK : Tyler Tucker, Jalen Chatfield
Penalty Shots
Zachary Bolduc, Colin Blackwell, Oskar Sundqvist, Nico Sturm, Tyson Kozak

Scratches
Ryan Ufko (Healthy), Victor Soderstrom (Healthy), Matthew Seminoff (Healthy), Matt Kessel (Healthy), Zachary Fucale (Healthy)

% Time on Ice - Philadelphia Phantoms

Lines # - Real PCT - Wanted PCT - Time Play
Normal Forward
1 - 27% - 25% - 12:44
2 - 24% - 25% - 11:06
3 - 23% - 25% - 10:52
4 - 25% - 25% - 11:41
Normal Defense
1 - 35% - 35% - 16:07
2 - 36% - 35% - 16:45
3 - 29% - 30% - 13:31
4 - 0% - 0% - 0:00
PP Forward
1 - 50% - 50% - 3:50
2 - 50% - 50% - 3:50
PP Defense
1 - 47% - 50% - 3:36
2 - 53% - 50% - 4:04
PK Forward
1 - 53% - 50% - 3:08
2 - 47% - 50% - 2:49
PK Defense
1 - 50% - 50% - 2:58
2 - 50% - 50% - 2:59
PK3 Forward
1 - 0% - 50%
2 - 0% - 50%
PK3 Defense
1 - 0% - 50%
2 - 0% - 50%
44 Forward
1 - 0% - 50%
2 - 0% - 50%
44 Defense
1 - 0% - 50%
2 - 0% - 50%
Last Minute Offensive  - 0:00
Last Minute Defensive  - 0:00
Total
Forward - 60:00
Defense - 60:00

% Time on Ice - Peoria Rivermen

Lines # - Real PCT - Wanted PCT - Time Play
Normal Forward
1 - 27% - 30% - 12:38
2 - 29% - 30% - 13:31
3 - 26% - 25% - 12:17
4 - 17% - 15% - 7:57
Normal Defense
1 - 28% - 30% - 13:08
2 - 29% - 30% - 13:25
3 - 29% - 25% - 13:34
4 - 14% - 15% - 6:16
PP Forward
1 - 50% - 50% - 2:59
2 - 50% - 50% - 2:58
PP Defense
1 - 49% - 50% - 2:55
2 - 51% - 50% - 3:02
PK Forward
1 - 50% - 50% - 3:50
2 - 50% - 50% - 3:50
PK Defense
1 - 48% - 50% - 3:43
2 - 52% - 50% - 3:57
PK3 Forward
1 - 0% - 50%
2 - 0% - 50%
PK3 Defense
1 - 0% - 50%
2 - 0% - 50%
44 Forward
1 - 0% - 50%
2 - 0% - 50%
44 Defense
1 - 0% - 50%
2 - 0% - 50%
Last Minute Offensive  - 0:00
Last Minute Defensive  - 0:00
Total
Forward - 60:00
Defense - 60:00

Play-by-Play

1st period


0:01 of 1st period - Luca Del Bel Belluz wins face-off versus Colin Blackwell in neutral zone.
0:13 of 1st period - Icing by Colin Blackwell.
0:14 of 1st period - Alex Steeves wins face-off versus Colin Blackwell in Peoria Rivermen zone.
0:29 of 1st period - Wrist shot by Alex Steeves.
0:29 of 1st period - Stopped by William Rousseau without a rebound.
0:30 of 1st period - Jack McBain wins face-off versus Oskar Sundqvist in Peoria Rivermen zone.
0:31 of 1st period - Snap shot by Michael Carcone.
0:31 of 1st period - Stopped by William Rousseau with a rebound.
0:33 of 1st period - Slapshot by Albert Johansson.
0:33 of 1st period - Stopped by William Rousseau with a rebound.
0:35 of 1st period - Slapshot by Tyler Kleven.
0:35 of 1st period - Shot Blocked by Marc Del Gaizo.
0:37 of 1st period - Snap shot by Jack McBain.
0:37 of 1st period - Shot Misses the Net.
0:39 of 1st period - Slapshot by Albert Johansson.
0:39 of 1st period - Stopped by William Rousseau without a rebound.
0:40 of 1st period - Jack McBain wins face-off versus Oskar Sundqvist in Peoria Rivermen zone.
0:55 of 1st period - Slapshot by Jack McBain.
0:55 of 1st period - Shot Blocked by Oskar Sundqvist.
0:57 of 1st period - Slapshot by Tye Kartye.
0:57 of 1st period - Stopped by William Rousseau without a rebound.
0:58 of 1st period - Nico Sturm wins face-off versus Jacob Quillan in Peoria Rivermen zone.
1:10 of 1st period - Slapshot by Nick Leddy.
1:10 of 1st period - Shot Misses the Net.
1:58 of 1st period - Off-side.
1:59 of 1st period - Jacob Quillan wins face-off versus Jonas Rondbjerg in neutral zone.
2:11 of 1st period - Wrist shot by Juuso Parssinen.
2:11 of 1st period - Stopped by William Rousseau without a rebound.
2:12 of 1st period - Nico Sturm wins face-off versus Tye Kartye in Peoria Rivermen zone.
2:38 of 1st period - Minor Penalty to Gabriel Szturc for Tripping.
2:39 of 1st period - Tyson Kozak wins face-off versus Luca Del Bel Belluz in Peoria Rivermen zone.
2:48 of 1st period - Nick Leddy is hit by Louis Crevier and loses puck.
4:38 of 1st period - Penalty to Gabriel Szturc is over, Gabriel Szturc is back on ice.
4:43 of 1st period - J.J. Moser is hit by Tanner Fritz and loses puck.
5:16 of 1st period - Tye Kartye is hit by Yegor Zamula and loses puck.
6:40 of 1st period - Michael Carcone is hit by Jonathan Gruden and loses puck.
7:11 of 1st period - J.J. Moser is hit by Zachary Bolduc.
7:33 of 1st period - Jacob Quillan is hit by Tanner Fritz and loses puck.
7:40 of 1st period - Jacob Quillan is hit by Jalen Chatfield and loses puck.
7:53 of 1st period - Tye Kartye is hit by Tyson Kozak and loses puck.
8:06 of 1st period - Louis Crevier is hit by Tyler Tucker and loses puck.
8:25 of 1st period - Slapshot by Jalen Chatfield.
8:25 of 1st period - Stopped by Cooper Black with a rebound.
8:48 of 1st period - Minor Penalty to Sean Walker for Elbowing.
8:49 of 1st period - Colin Blackwell wins face-off versus Alex Steeves in Peoria Rivermen zone.
8:56 of 1st period - Snap shot by Zachary Bolduc.
8:56 of 1st period - Stopped by Cooper Black with a rebound.
9:14 of 1st period - Wrist shot by Jack McBain.
9:14 of 1st period - Stopped by William Rousseau with a rebound.
9:18 of 1st period - Snap shot by Marc Gatcomb.
9:18 of 1st period - Shot Misses the Net.
9:20 of 1st period - Wrist shot by Jack McBain.
9:20 of 1st period - Stopped by William Rousseau without a rebound.
9:21 of 1st period - Tyson Kozak wins face-off versus Luca Del Bel Belluz in Peoria Rivermen zone.
9:50 of 1st period - Wrist shot by Luca Del Bel Belluz.
9:50 of 1st period - Stopped by William Rousseau with a rebound.
9:52 of 1st period - Snap shot by Luca Del Bel Belluz.
9:52 of 1st period - Stopped by William Rousseau without a rebound.
9:53 of 1st period - Alex Steeves wins face-off versus Tyson Kozak in Peoria Rivermen zone.
9:54 of 1st period - Slapshot by Nikolai Kovalenko.
9:54 of 1st period - Stopped by William Rousseau with a rebound.
9:58 of 1st period - Snap shot by Adam Klapka.
9:58 of 1st period - Shot Misses the Net.
10:00 of 1st period - Slapshot by Alex Steeves.
10:00 of 1st period - Shot Misses the Net.
10:02 of 1st period - Wrist shot by Nikolai Kovalenko.
10:02 of 1st period - Shot Misses the Net.
10:04 of 1st period - Slapshot by J.J. Moser.
10:04 of 1st period - Shot Misses the Net.
10:06 of 1st period - Wrist shot by Samuel Johannesson.
10:06 of 1st period - Shot Blocked by Jalen Chatfield.
10:29 of 1st period - Slapshot by Adam Klapka.
10:29 of 1st period - Shot Misses the Net.
10:31 of 1st period - Snap shot by Alex Steeves.
10:31 of 1st period - Goal by Alex Steeves - Philadelphia Phantoms : 1 - Peoria Rivermen : 0.
10:32 of 1st period - Jack McBain wins face-off versus Oskar Sundqvist in neutral zone.
10:37 of 1st period - Snap shot by Michael Carcone.
10:37 of 1st period - Shot Misses the Net.
10:45 of 1st period - Patrick Giles is hit by Tye Kartye and loses puck.
11:09 of 1st period - Wrist shot by Alex Steeves.
11:09 of 1st period - Stopped by William Rousseau without a rebound.
11:10 of 1st period - Jacob Quillan wins face-off versus Jonathan Gruden in Peoria Rivermen zone.
12:08 of 1st period - Wrist shot by Colin Blackwell.
12:08 of 1st period - Stopped by Cooper Black without a rebound.
12:09 of 1st period - Adam Klapka wins face-off versus Oskar Sundqvist in Philadelphia Phantoms zone.
12:11 of 1st period - Minor Penalty to Juuso Parssinen for Slashing.
12:12 of 1st period - Colin Blackwell wins face-off versus Jack McBain in Philadelphia Phantoms zone.
12:14 of 1st period - Slapshot by Colin Blackwell.
12:14 of 1st period - Stopped by Cooper Black with a rebound.
12:24 of 1st period - Snap shot by Zachary Bolduc.
12:24 of 1st period - Stopped by Cooper Black without a rebound.
12:25 of 1st period - Oskar Sundqvist wins face-off versus Alex Steeves in Philadelphia Phantoms zone.
12:30 of 1st period - Snap shot by Jalen Chatfield.
12:30 of 1st period - Stopped by Cooper Black without a rebound.
12:31 of 1st period - Alex Steeves wins face-off versus Matthew Sop in Philadelphia Phantoms zone.
12:41 of 1st period - Off-side.
12:42 of 1st period - Alex Steeves wins face-off versus Colin Blackwell in neutral zone.
12:45 of 1st period - Slapshot by Zac Jones.
12:45 of 1st period - Deflect By Zachary Bolduc.
12:45 of 1st period - Stopped by William Rousseau with a rebound.
12:47 of 1st period - Slapshot by Louis Crevier.
12:47 of 1st period - Deflect By Tye Kartye.
12:47 of 1st period - Goal by Tye Kartye - Philadelphia Phantoms : 2 - Peoria Rivermen : 0.
12:48 of 1st period - Oskar Sundqvist wins face-off versus Jack McBain in neutral zone.
12:51 of 1st period - Slapshot by Jalen Chatfield.
12:51 of 1st period - Deflect By Tye Kartye.
12:51 of 1st period - Stopped by Cooper Black with a rebound.
12:53 of 1st period - Slapshot by Marc Del Gaizo.
12:53 of 1st period - Stopped by Cooper Black with a rebound.
13:03 of 1st period - Slapshot by Patrick Giles.
13:03 of 1st period - Shot Misses the Net.
14:04 of 1st period - Yegor Zamula is hit by Samuel Johannesson and loses puck.
14:11 of 1st period - Penalty to Juuso Parssinen is over, Juuso Parssinen is back on ice.
14:50 of 1st period - Wrist shot by Tanner Fritz.
14:50 of 1st period - Shot Blocked by Nikolai Kovalenko.
15:20 of 1st period - Nick Leddy is hit by Luca Del Bel Belluz and loses puck.
15:51 of 1st period - Off-side.
15:52 of 1st period - Jacob Quillan wins face-off versus Oskar Sundqvist in neutral zone.
16:01 of 1st period - Wrist shot by Tyson Kozak.
16:01 of 1st period - Stopped by Cooper Black with a rebound.
16:19 of 1st period - Marc Del Gaizo is hit by Zac Jones and loses puck.
16:40 of 1st period - Wrist shot by Michael Carcone.
16:40 of 1st period - Deflect By Tye Kartye.
16:40 of 1st period - Shot Misses the Net.
16:40 of 1st period - Puck is out of play.
16:41 of 1st period - Jack McBain wins face-off versus Riley Duran in Peoria Rivermen zone.
17:18 of 1st period - Snap shot by Juuso Parssinen.
17:18 of 1st period - Stopped by William Rousseau without a rebound.
17:19 of 1st period - Colin Blackwell wins face-off versus Alex Steeves in Peoria Rivermen zone.
17:19 of 1st period - Colin Blackwell is hit by Alex Steeves.
17:25 of 1st period - Snap shot by Colin Blackwell.
17:25 of 1st period - Deflect By Zachary Bolduc.
17:25 of 1st period - Stopped by Cooper Black with a rebound.
17:29 of 1st period - Snap shot by Jonas Rondbjerg.
17:29 of 1st period - Stopped by Cooper Black without a rebound.
17:30 of 1st period - Adam Klapka wins face-off versus Colin Blackwell in Philadelphia Phantoms zone.
17:30 of 1st period - Adam Klapka is hit by Jonas Rondbjerg.
17:58 of 1st period - Slapshot by Sean Walker.
17:58 of 1st period - Deflect By Zac Jones.
17:58 of 1st period - Stopped by Cooper Black without a rebound.
17:59 of 1st period - Alex Steeves wins face-off versus Oskar Sundqvist in Philadelphia Phantoms zone.
17:59 of 1st period - Alex Steeves is hit by Tyson Kozak.
18:56 of 1st period - Snap shot by Tyson Kozak.
18:56 of 1st period - Shot Blocked by Alex Steeves.
19:28 of 1st period - Slapshot by Oskar Sundqvist.
19:28 of 1st period - Stopped by Cooper Black without a rebound.
19:29 of 1st period - Colin Blackwell wins face-off versus Jacob Quillan in Philadelphia Phantoms zone.
19:32 of 1st period - Wrist shot by Colin Blackwell.
19:32 of 1st period - Deflect By Zachary Bolduc.
19:32 of 1st period - Shot Misses the Net.
19:32 of 1st period - Puck is out of play.
19:33 of 1st period - Jacob Quillan wins face-off versus Colin Blackwell in Philadelphia Phantoms zone.
19:42 of 1st period - Snap shot by Juuso Parssinen.
19:42 of 1st period - Shot Misses the Net.
Goals for this period are 2 for Philadelphia Phantoms vs 0 for Peoria Rivermen.
Shots for this period are 16 for Philadelphia Phantoms vs 13 for Peoria Rivermen.

2nd period


0:01 of 2nd period - Colin Blackwell wins face-off versus Jack McBain in neutral zone.
0:53 of 2nd period - Nick Leddy is hit by Louis Crevier and loses puck.
1:00 of 2nd period - Slapshot by Luca Del Bel Belluz.
1:00 of 2nd period - Goal by Luca Del Bel Belluz - Philadelphia Phantoms : 3 - Peoria Rivermen : 0.
1:01 of 2nd period - Jack McBain wins face-off versus Colin Blackwell in neutral zone.
1:48 of 2nd period - Snap shot by Adam Klapka.
1:48 of 2nd period - Shot Blocked by Yegor Zamula.
1:50 of 2nd period - Slapshot by Tyler Kleven.
1:50 of 2nd period - Deflect By Nikolai Kovalenko.
1:50 of 2nd period - Shot Blocked by Yegor Zamula.
1:50 of 2nd period - Puck is out of play.
1:51 of 2nd period - Nico Sturm wins face-off versus Luca Del Bel Belluz in Peoria Rivermen zone.
2:00 of 2nd period - Backhand shot by Sean Walker.
2:00 of 2nd period - Stopped by Cooper Black without a rebound.
2:01 of 2nd period - Colin Blackwell wins face-off versus Jack McBain in Philadelphia Phantoms zone.
2:02 of 2nd period - Snap shot by Zachary Bolduc.
2:02 of 2nd period - Shot Blocked by Louis Crevier.
2:04 of 2nd period - Slapshot by Jonas Rondbjerg.
2:04 of 2nd period - Stopped by Cooper Black with a rebound.
2:06 of 2nd period - Slapshot by Sean Walker.
2:06 of 2nd period - Stopped by Cooper Black without a rebound.
2:07 of 2nd period - Colin Blackwell wins face-off versus Jack McBain in Philadelphia Phantoms zone.
2:29 of 2nd period - Icing by Michael Carcone.
2:30 of 2nd period - Jack McBain wins face-off versus Oskar Sundqvist in Philadelphia Phantoms zone.
2:43 of 2nd period - Wrist shot by Oskar Sundqvist.
2:43 of 2nd period - Stopped by Cooper Black with a rebound.
2:45 of 2nd period - Slapshot by Jalen Chatfield.
2:45 of 2nd period - Shot Blocked by Zac Jones.
3:34 of 2nd period - Zac Jones is hit by Oskar Sundqvist and loses puck.
4:13 of 2nd period - Ryan Winterton is hit by Colin Blackwell and loses puck.
4:22 of 2nd period - Snap shot by Colin Blackwell.
4:22 of 2nd period - Shot Misses the Net.
4:43 of 2nd period - Slapshot by Jalen Chatfield.
4:43 of 2nd period - Shot Blocked by Alex Steeves.
4:45 of 2nd period - Slapshot by Oskar Sundqvist.
4:45 of 2nd period - Stopped by Cooper Black with a rebound.
4:47 of 2nd period - Snap shot by Tyson Kozak.
4:47 of 2nd period - Stopped by Cooper Black with a rebound.
4:49 of 2nd period - Snap shot by Tyson Kozak.
4:49 of 2nd period - Deflect By Oskar Sundqvist.
4:49 of 2nd period - Shot Misses the Net.
4:49 of 2nd period - Puck is out of play.
4:50 of 2nd period - Oskar Sundqvist wins face-off versus Jacob Quillan in Philadelphia Phantoms zone.
6:15 of 2nd period - Snap shot by Juuso Parssinen.
6:15 of 2nd period - Stopped by William Rousseau with a rebound.
6:49 of 2nd period - Snap shot by Oskar Sundqvist.
6:49 of 2nd period - Stopped by Cooper Black without a rebound.
6:50 of 2nd period - Jack McBain wins face-off versus Colin Blackwell in Philadelphia Phantoms zone.
6:57 of 2nd period - Snap shot by Jack McBain.
6:57 of 2nd period - Shot Blocked by Jonas Rondbjerg.
6:59 of 2nd period - Snap shot by Albert Johansson.
6:59 of 2nd period - Shot Blocked by Jonas Rondbjerg.
7:01 of 2nd period - Backhand shot by Tyler Kleven.
7:01 of 2nd period - Stopped by William Rousseau with a rebound.
7:03 of 2nd period - Snap shot by Jack McBain.
7:03 of 2nd period - Stopped by William Rousseau with a rebound.
7:05 of 2nd period - Wrist shot by Tye Kartye.
7:05 of 2nd period - Shot Misses the Net.
7:15 of 2nd period - Alex Steeves is hit by Nico Sturm and loses puck.
7:21 of 2nd period - Off-side.
7:22 of 2nd period - Nico Sturm wins face-off versus Luca Del Bel Belluz in neutral zone.
7:32 of 2nd period - Wrist shot by Luca Del Bel Belluz.
7:32 of 2nd period - Deflect By Nikolai Kovalenko.
7:32 of 2nd period - Shot Hit the Post.
7:32 of 2nd period - Puck is out of play.
7:33 of 2nd period - Jack McBain wins face-off versus Colin Blackwell in Peoria Rivermen zone.
7:36 of 2nd period - Slapshot by Michael Carcone.
7:36 of 2nd period - Shot Misses the Net.
7:44 of 2nd period - Snap shot by Jack McBain.
7:44 of 2nd period - Shot Misses the Net.
7:46 of 2nd period - Wrist shot by Jack McBain.
7:46 of 2nd period - Shot Misses the Net.
7:48 of 2nd period - Slapshot by Tyler Kleven.
7:48 of 2nd period - Stopped by William Rousseau with a rebound.
8:08 of 2nd period - Off-side.
8:09 of 2nd period - Luca Del Bel Belluz wins face-off versus Nico Sturm in neutral zone.
8:14 of 2nd period - Slapshot by Louis Crevier.
8:14 of 2nd period - Stopped by William Rousseau without a rebound.
8:15 of 2nd period - Luca Del Bel Belluz wins face-off versus Nico Sturm in Peoria Rivermen zone.
8:24 of 2nd period - Snap shot by Nikolai Kovalenko.
8:24 of 2nd period - Shot Blocked by Nick Leddy.
8:26 of 2nd period - Wrist shot by Luca Del Bel Belluz.
8:26 of 2nd period - Goal by Luca Del Bel Belluz - Philadelphia Phantoms : 4 - Peoria Rivermen : 0.
8:27 of 2nd period - Jack McBain wins face-off versus Colin Blackwell in neutral zone.
8:30 of 2nd period - Slapshot by Zac Jones.
8:30 of 2nd period - Stopped by William Rousseau without a rebound.
8:31 of 2nd period - Jack McBain wins face-off versus Jonas Rondbjerg in Peoria Rivermen zone.
8:56 of 2nd period - Wrist shot by Nico Sturm.
8:56 of 2nd period - Stopped by Cooper Black without a rebound.
8:57 of 2nd period - Nico Sturm wins face-off versus Alex Steeves in Philadelphia Phantoms zone.
9:13 of 2nd period - Snap shot by Jonathan Gruden.
9:13 of 2nd period - Stopped by Cooper Black with a rebound.
9:19 of 2nd period - Minor Penalty to Alex Steeves for Holding.
9:20 of 2nd period - Matthew Sop wins face-off versus Jack McBain in Philadelphia Phantoms zone.
9:23 of 2nd period - Slapshot by Oskar Sundqvist.
9:23 of 2nd period - Shot Hit the Post.
9:25 of 2nd period - Slapshot by Jalen Chatfield.
9:25 of 2nd period - Shot Blocked by Louis Crevier.
9:27 of 2nd period - Slapshot by Marc Del Gaizo.
9:27 of 2nd period - Deflect By Zac Jones.
9:27 of 2nd period - Stopped by Cooper Black without a rebound.
9:28 of 2nd period - Jack McBain wins face-off versus Oskar Sundqvist in Philadelphia Phantoms zone.
9:53 of 2nd period - Snap shot by Zac Jones.
9:53 of 2nd period - Shot Blocked by Jalen Chatfield.
11:19 of 2nd period - Penalty to Alex Steeves is over, Alex Steeves is back on ice.
11:51 of 2nd period - Snap shot by Nils Aman.
11:51 of 2nd period - Shot Misses the Net.
11:53 of 2nd period - Wrist shot by Louis Crevier.
11:53 of 2nd period - Stopped by William Rousseau with a rebound.
11:55 of 2nd period - Slapshot by Alex Steeves.
11:55 of 2nd period - Deflect By Nico Sturm.
11:55 of 2nd period - Shot Misses the Net.
11:55 of 2nd period - Puck is out of play.
11:56 of 2nd period - Riley Duran wins face-off versus Luca Del Bel Belluz in Peoria Rivermen zone.
12:05 of 2nd period - Slapshot by Luca Del Bel Belluz.
12:05 of 2nd period - Shot Misses the Net.
12:11 of 2nd period - Snap shot by Nikolai Kovalenko.
12:11 of 2nd period - Goal by Nikolai Kovalenko - Philadelphia Phantoms : 5 - Peoria Rivermen : 0.
12:12 of 2nd period - Colin Blackwell wins face-off versus Luca Del Bel Belluz in neutral zone.
12:14 of 2nd period - Off-side.
12:15 of 2nd period - Luca Del Bel Belluz wins face-off versus Colin Blackwell in neutral zone.
12:24 of 2nd period - Sean Walker is hit by Samuel Johannesson and loses puck.
12:44 of 2nd period - Off-side.
12:45 of 2nd period - Tyson Kozak wins face-off versus Jack McBain in neutral zone.
12:48 of 2nd period - Wrist shot by Patrick Giles.
12:48 of 2nd period - Stopped by Cooper Black with a rebound.
12:56 of 2nd period - Patrick Giles is hit by Tye Kartye and loses puck.
13:27 of 2nd period - Minor Penalty to Riley Duran for Roughing.
13:28 of 2nd period - Luca Del Bel Belluz wins face-off versus Tyson Kozak in Peoria Rivermen zone.
13:33 of 2nd period - Snap shot by Marc Gatcomb.
13:33 of 2nd period - Shot Blocked by Oskar Sundqvist.
13:35 of 2nd period - Wrist shot by Louis Crevier.
13:35 of 2nd period - Deflect By Jack McBain.
13:35 of 2nd period - Shot Misses the Net.
13:35 of 2nd period - Puck is out of play.
13:36 of 2nd period - Oskar Sundqvist wins face-off versus Luca Del Bel Belluz in Peoria Rivermen zone.
14:11 of 2nd period - Slapshot by Nikolai Kovalenko.
14:11 of 2nd period - Shot Misses the Net.
14:52 of 2nd period - Icing by Alex Steeves.
14:53 of 2nd period - Colin Blackwell wins face-off versus Alex Steeves in Philadelphia Phantoms zone.
15:15 of 2nd period - Icing by J.J. Moser.
15:16 of 2nd period - Tyson Kozak wins face-off versus Alex Steeves in Philadelphia Phantoms zone.
15:17 of 2nd period - Snap shot by Oskar Sundqvist.
15:17 of 2nd period - Stopped by Cooper Black without a rebound.
15:18 of 2nd period - Tyson Kozak wins face-off versus Alex Steeves in Philadelphia Phantoms zone.
15:23 of 2nd period - Snap shot by Oskar Sundqvist.
15:23 of 2nd period - Deflect By Tyson Kozak.
15:23 of 2nd period - Stopped by Cooper Black with a rebound.
15:27 of 2nd period - Penalty to Riley Duran is over, Riley Duran is back on ice.
15:34 of 2nd period - Snap shot by Adam Klapka.
15:34 of 2nd period - Shot Misses the Net.
15:44 of 2nd period - Tyson Kozak is hit by Jack McBain and loses puck.
16:05 of 2nd period - Snap shot by Colin Blackwell.
16:05 of 2nd period - Stopped by Cooper Black without a rebound.
16:06 of 2nd period - Luca Del Bel Belluz wins face-off versus Colin Blackwell in Philadelphia Phantoms zone.
16:15 of 2nd period - Wrist shot by Luca Del Bel Belluz.
16:15 of 2nd period - Shot Misses the Net.
16:17 of 2nd period - Wrist shot by Luca Del Bel Belluz.
16:17 of 2nd period - Stopped by William Rousseau with a rebound.
16:19 of 2nd period - Snap shot by Albert Johansson.
16:19 of 2nd period - Deflect By Nikolai Kovalenko.
16:19 of 2nd period - Stopped by William Rousseau with a rebound.
16:33 of 2nd period - Samuel Johannesson is hit by Jalen Chatfield and loses puck.
16:40 of 2nd period - Wrist shot by Nico Sturm.
16:40 of 2nd period - Stopped by Cooper Black with a rebound.
17:16 of 2nd period - Snap shot by Oskar Sundqvist.
17:16 of 2nd period - Stopped by Cooper Black without a rebound.
17:17 of 2nd period - Oskar Sundqvist wins face-off versus Luca Del Bel Belluz in Philadelphia Phantoms zone.
17:28 of 2nd period - Snap shot by Nikolai Kovalenko.
17:28 of 2nd period - Stopped by William Rousseau with a rebound.
17:42 of 2nd period - Zachary Bolduc is hit by Michael Carcone and loses puck.
18:29 of 2nd period - Wrist shot by Nico Sturm.
18:29 of 2nd period - Shot Misses the Net.
18:35 of 2nd period - Nick Leddy is hit by Tyler Kleven.
19:12 of 2nd period - Wrist shot by Zachary Bolduc.
19:12 of 2nd period - Shot Misses the Net.
19:14 of 2nd period - Slapshot by Tyler Tucker.
19:14 of 2nd period - Stopped by Cooper Black without a rebound.
19:15 of 2nd period - Alex Steeves wins face-off versus Nico Sturm in Philadelphia Phantoms zone.
19:15 of 2nd period - Alex Steeves is hit by Jonathan Gruden.
19:33 of 2nd period - Alex Steeves is hit by Tanner Fritz and loses puck.
19:48 of 2nd period - Snap shot by Oskar Sundqvist.
19:48 of 2nd period - Shot Blocked by Louis Crevier.
Goals for this period are 3 for Philadelphia Phantoms vs 0 for Peoria Rivermen.
Shots for this period are 13 for Philadelphia Phantoms vs 17 for Peoria Rivermen.

3rd period


0:01 of 3rd period - Colin Blackwell wins face-off versus Luca Del Bel Belluz in neutral zone.
0:12 of 3rd period - Wrist shot by Nikolai Kovalenko.
0:12 of 3rd period - Shot Misses the Net.
0:14 of 3rd period - Wrist shot by Ryan Winterton.
0:14 of 3rd period - Stopped by William Rousseau without a rebound.
0:15 of 3rd period - Michael Carcone wins face-off versus Oskar Sundqvist in Peoria Rivermen zone.
0:40 of 3rd period - Nikolai Kovalenko is hit by Jonas Rondbjerg and loses puck.
1:07 of 3rd period - Nico Sturm is hit by Nils Aman and loses puck.
1:48 of 3rd period - Marc Del Gaizo is hit by Adam Klapka and loses puck.
2:10 of 3rd period - Minor Penalty to Sean Walker for Interference.
2:11 of 3rd period - Colin Blackwell wins face-off versus Marc Gatcomb in Peoria Rivermen zone.
2:40 of 3rd period - Slapshot by J.J. Moser.
2:40 of 3rd period - Shot Misses the Net.
2:50 of 3rd period - Oskar Sundqvist is hit by Alex Steeves.
2:57 of 3rd period - Icing by Adam Klapka.
2:58 of 3rd period - Colin Blackwell wins face-off versus Luca Del Bel Belluz in Philadelphia Phantoms zone.
4:10 of 3rd period - Penalty to Sean Walker is over, Sean Walker is back on ice.
4:32 of 3rd period - Wrist shot by Michael Carcone.
4:32 of 3rd period - Shot Blocked by Riley Duran.
4:42 of 3rd period - Alex Steeves is hit by Tyson Kozak and loses puck.
5:14 of 3rd period - Snap shot by Nico Sturm.
5:14 of 3rd period - Stopped by Cooper Black with a rebound.
5:16 of 3rd period - Wrist shot by Marc Del Gaizo.
5:16 of 3rd period - Stopped by Cooper Black without a rebound.
5:17 of 3rd period - Colin Blackwell wins face-off versus Jack McBain in Philadelphia Phantoms zone.
5:46 of 3rd period - Marc Gatcomb is hit by Sean Walker and loses puck.
5:51 of 3rd period - Slapshot by Oskar Sundqvist.
5:51 of 3rd period - Stopped by Cooper Black with a rebound.
5:53 of 3rd period - Slapshot by Patrick Giles.
5:53 of 3rd period - Goal by Patrick Giles - Philadelphia Phantoms : 5 - Peoria Rivermen : 1.
5:54 of 3rd period - Colin Blackwell wins face-off versus Luca Del Bel Belluz in neutral zone.
6:29 of 3rd period - Snap shot by Michael Carcone.
6:29 of 3rd period - Shot Misses the Net.
6:31 of 3rd period - Wrist shot by Michael Carcone.
6:31 of 3rd period - Shot Blocked by Oskar Sundqvist.
7:25 of 3rd period - Wrist shot by Colin Blackwell.
7:25 of 3rd period - Shot Misses the Net.
7:27 of 3rd period - Slapshot by Marc Del Gaizo.
7:27 of 3rd period - Shot Blocked by Samuel Johannesson.
7:29 of 3rd period - Snap shot by Colin Blackwell.
7:29 of 3rd period - Deflect By Jonas Rondbjerg.
7:29 of 3rd period - Stopped by Cooper Black with a rebound.
7:31 of 3rd period - Slapshot by Marc Del Gaizo.
7:31 of 3rd period - Shot Blocked by Nikolai Kovalenko.
7:41 of 3rd period - Tyler Tucker is hit by Michael Carcone and loses puck.
8:03 of 3rd period - Off-side.
8:04 of 3rd period - Nico Sturm wins face-off versus Jacob Quillan in neutral zone.
8:07 of 3rd period - Backhand shot by Marc Del Gaizo.
8:07 of 3rd period - Stopped by Cooper Black with a rebound.
8:14 of 3rd period - Wrist shot by Juuso Parssinen.
8:14 of 3rd period - Stopped by William Rousseau with a rebound.
8:22 of 3rd period - J.J. Moser is hit by Jonathan Gruden and loses puck.
8:33 of 3rd period - Adam Klapka is hit by Sean Walker and loses puck.
8:56 of 3rd period - Slapshot by Jalen Chatfield.
8:56 of 3rd period - Shot Misses the Net.
8:58 of 3rd period - Slapshot by Jonathan Gruden.
8:58 of 3rd period - Shot Misses the Net.
9:00 of 3rd period - Snap shot by Nico Sturm.
9:00 of 3rd period - Goal by Nico Sturm - Philadelphia Phantoms : 5 - Peoria Rivermen : 2.
9:01 of 3rd period - Colin Blackwell wins face-off versus Jack McBain in neutral zone.
9:03 of 3rd period - Yegor Zamula is hit by J.J. Moser and loses puck.
9:33 of 3rd period - Nikolai Kovalenko is hit by Tyson Kozak and loses puck.
9:54 of 3rd period - Wrist shot by Nikolai Kovalenko.
9:54 of 3rd period - Shot Misses the Net.
10:00 of 3rd period - Slapshot by Alex Steeves.
10:00 of 3rd period - Shot Misses the Net.
10:37 of 3rd period - Snap shot by Colin Blackwell.
10:37 of 3rd period - Stopped by Cooper Black without a rebound.
10:38 of 3rd period - Alex Steeves wins face-off versus Oskar Sundqvist in Philadelphia Phantoms zone.
11:23 of 3rd period - Slapshot by Sean Walker.
11:23 of 3rd period - Stopped by Cooper Black without a rebound.
11:24 of 3rd period - Jack McBain wins face-off versus Gabriel Szturc in Philadelphia Phantoms zone.
11:58 of 3rd period - Icing by Riley Duran.
11:59 of 3rd period - Riley Duran wins face-off versus Jacob Quillan in Peoria Rivermen zone.
11:59 of 3rd period - Riley Duran is hit by Jacob Quillan.
12:17 of 3rd period - Slapshot by Sean Walker.
12:17 of 3rd period - Shot Misses the Net.
12:45 of 3rd period - Slapshot by Adam Klapka.
12:45 of 3rd period - Stopped by William Rousseau without a rebound.
12:46 of 3rd period - Marc Gatcomb wins face-off versus Colin Blackwell in Peoria Rivermen zone.
13:57 of 3rd period - Alex Steeves is hit by Colin Blackwell and loses puck.
14:09 of 3rd period - Off-side.
14:10 of 3rd period - Oskar Sundqvist wins face-off versus Jacob Quillan in neutral zone.
14:25 of 3rd period - Snap shot by Adam Klapka.
14:25 of 3rd period - Shot Misses the Net.
14:35 of 3rd period - Luca Del Bel Belluz is hit by Jonathan Gruden and loses puck.
14:59 of 3rd period - Minor Penalty to Jack McBain for Roughing.
15:00 of 3rd period - Jacob Quillan wins face-off versus Oskar Sundqvist in Philadelphia Phantoms zone.
15:08 of 3rd period - Slapshot by Sean Walker.
15:08 of 3rd period - Shot Blocked by Zac Jones.
15:10 of 3rd period - Slapshot by Patrick Giles.
15:10 of 3rd period - Shot Blocked by Zac Jones.
15:26 of 3rd period - Colin Blackwell is hit by Juuso Parssinen.
16:59 of 3rd period - Penalty to Jack McBain is over, Jack McBain is back on ice.
17:02 of 3rd period - Jacob Quillan is hit by Marc Del Gaizo and loses puck.
17:17 of 3rd period - Wrist shot by Jack McBain.
17:17 of 3rd period - Stopped by William Rousseau with a rebound.
17:19 of 3rd period - Slapshot by Albert Johansson.
17:19 of 3rd period - Deflect By Jack McBain.
17:19 of 3rd period - Stopped by William Rousseau with a rebound.
17:42 of 3rd period - Riley Duran is hit by Ryan Winterton and loses puck.
17:47 of 3rd period - Wrist shot by Luca Del Bel Belluz.
17:47 of 3rd period - Stopped by William Rousseau with a rebound.
19:03 of 3rd period - Icing by Tyler Tucker.
19:04 of 3rd period - Jack McBain wins face-off versus Nico Sturm in Peoria Rivermen zone.
19:23 of 3rd period - Wrist shot by Nico Sturm.
19:23 of 3rd period - Stopped by Cooper Black without a rebound.
19:24 of 3rd period - Oskar Sundqvist wins face-off versus Luca Del Bel Belluz in Philadelphia Phantoms zone.
19:30 of 3rd period - Icing by Samuel Johannesson.
19:31 of 3rd period - Jonas Rondbjerg wins face-off versus Luca Del Bel Belluz in Philadelphia Phantoms zone.
19:58 of 3rd period - Yegor Zamula is hit by Ryan Winterton and loses puck.
Goals for this period are 0 for Philadelphia Phantoms vs 2 for Peoria Rivermen.
Shots for this period are 6 for Philadelphia Phantoms vs 10 for Peoria Rivermen.